Map: Ever Dream LE

Players

HeroMarine - Winner!

  • Race: Terran Terran
  • League: Master
  • Spawn Location: 1:00

ShaDoWn

  • Race: Protoss Protoss
  • Spawn Location: 7:00

Event: DreamHack SC2 Masters 2020 Summer Europe

VOD

Have the link to the VOD?

Description

Time

  • Played on: July 5, 2020, 11:49 a.m.
  • Length: 9:56

All games in this series

Show
View Real Time Build Order
Export as new Build Order

HeroMarine Terran - Winner!

Build Orders: Reaper Expand 

Get SALT Encoding   

  12  0:00  SCV  
  13  0:13  SCV  
  14  0:17  Supply Depot  
  14  0:25  SCV  
  15  0:39  SCV  
  15  0:40  Barracks  
  16  0:43  Refinery  
  16  0:51  SCV  
  17  1:03  SCV  
  18  1:15  SCV  
  19  1:27  Orbital Command  
  19  1:29  Reaper  
  20  1:44  Command Center  
  20  1:50  Supply Depot  
  20  1:53  SCV  
  21  2:01  Marine  
  21  2:05  SCV  
  23  2:09  Factory  
  23  2:15  Bunker  
  23  2:17  SCV  
  23  2:21  Barracks Reactor  
  24  2:25  Refinery  
  24  2:29  SCV  
  25  2:41  SCV  
  26  2:53  Hellion  
  26  2:54  SCV  
  26  2:55  Orbital Command  
  26  2:57  Starport  
  29  3:00  Marine x2  
  31  3:06  SCV  
  32  3:16  Factory Tech Lab  
  32  3:18  Marine x2, SCV  
  35  3:21  SCV  
  35  3:24  Supply Depot  
  36  3:30  SCV  
  36  3:33  SCV  
  38  3:35  Marine  
  38  3:36  Marine  
  40  3:42  SCV  
  40  3:43  Factory Tech Lab  
  40  3:44  Raven  
  40  3:45  SCV  
  43  3:54  SCV  
  44  3:57  SCV  
  44  3:58  Command Center  
  43  4:06  Marine, SCV  
  43  4:07  Siege Tank  
  43  4:08  Marine  
  43  4:09  SCV  
  50  4:13  Refinery, Supply Depot  
  50  4:18  SCV  
  50  4:21  SCV, Barracks  
  52  4:30  SCV  
  53  4:31  Barracks  
  53  4:33  SCV  
  53  4:34  Viking  
  56  4:41  Engineering Bay  
  56  4:42  SCV  
  57  4:45  SCV  
  57  4:47  Siege Tank  
  61  4:55  SCV  
  61  4:57  Supply Depot  
  62  5:00  Refinery  
  62  5:08  Terran Infantry Weapons Level 1  
  62  5:10  SCV x2, Barracks  
  62  5:13  Starport Reactor  
  64  5:15  Orbital Command  
  64  5:17  Stimpack  
  64  5:19  Barracks  
  64  5:22  SCV x2  
  64  5:31  Marine  
  64  5:34  Marine, SCV x2  
  68  5:38  Orbital Command  
  68  5:39  Marauder  
  68  5:40  Marauder  
  68  5:42  Combat Shield  
  72  5:46  SCV x2  
  72  5:49  Supply Depot  
  74  5:53  Marine x2  
  76  5:58  SCV x2, Medivac x2  
  76  5:59  Barracks Reactor  
  76  6:03  Supply Depot  
  76  6:04  Supply Depot  
  82  6:08  Marauder x2  
  82  6:09  Barracks Tech Lab  
  82  6:11  SCV x3  
  88  6:17  Supply Depot  
  87  6:20  Marine x2  
  87  6:23  SCV x3  
  92  6:26  Supply Depot  
  92  6:29  Medivac x2  
  92  6:32  Missile Turret  
  96  6:35  Marauder, SCV x3  
  96  6:38  Marauder x2  
  105  6:40  Marine x2  
  105  6:41  Marine x2  
  107  6:47  SCV x3  
  110  6:56  Marauder  
  110  6:58  Refinery  
  110  6:59  Refinery, Supply Depot, Medivac x2  
  110  7:00  Marauder, SCV  
  110  7:01  Supply Depot, SCV  
  119  7:02  SCV  
  119  7:04  Marine x3  
  119  7:06  Marine  
  124  7:17  Marine  
  124  7:18  Supply Depot  
  124  7:20  Marine  
  124  7:21  Marauder  
  128  7:28  SCV x2  
  128  7:29  Medivac x2  
  134  7:30  SCV  
  134  7:31  Starport, Marine x2  
  134  7:33  Marine  
  134  7:35  Marauder  
  140  7:40  Marauder  
  140  7:42  Marauder  
  140  7:43  Supply Depot  
  144  7:45  Terran Infantry Armor Level 1, Bunker  
  144  7:48  Supply Depot  
  144  7:50  Factory Reactor  
  144  7:52  Ghost Academy, Marine x3  
  144  7:57  Marauder  
  149  8:00  Viking x2  
  149  8:01  Supply Depot, Marauder  
  149  8:04  Marauder  
  157  8:18  Marauder  
  154  8:22  Marine x2  
  154  8:23  Marauder  
  154  8:25  Marauder, Viking  
  158  8:28  SCV x2  
  158  8:29  SCV  
  158  8:30  Viking  
  149  8:39  Marine x2  
  149  8:40  Marauder, SCV x2  
  149  8:41  SCV  
  153  8:42  Viking  
  153  8:44  Marauder  
  153  8:47  Marauder  
  153  8:51  Marine x2  
  142  8:56  Starport Reactor  
  142  8:57  Marine x2  
  142  8:58  Armory  
  142  9:00  Engineering Bay  
  142  9:01  Marauder  
  134  9:07  Marauder  
  134  9:08  Marauder  
  134  9:09  Marine x2  
  135  9:15  Marine x2  
  136  9:22  Marauder  
  140  9:27  Marine x2  
  140  9:29  Marauder  
  144  9:33  Marine  
  144  9:34  Marine x2  
Show
View Real Time Build Order
Export as new Build Order

ShaDoWn Protoss 

Build Orders: 1 Gate Expand, Colossus Rush 

Get SALT Encoding   

  12  0:00  Probe  
  13  0:12  Probe  
  14  0:19  Pylon  
  14  0:24  Probe  
  15  0:33  Probe  
  15  0:38  Gateway  
  15  0:41  Probe  
  16  0:45  Assimilator  
  17  0:51  Probe  
  18  1:03  Probe  
  19  1:15  Probe  
  20  1:25  Cybernetics Core  
  20  1:32  Nexus  
  20  1:39  Pylon  
  20  1:40  Probe  
  21  1:47  Assimilator  
  21  1:51  Adept  
  21  1:52  Probe  
  24  2:02  Warp Gate  
  24  2:04  Probe  
  25  2:16  Probe  
  25  2:21  Stalker  
  28  2:29  Probe  
  29  2:33  Robotics Facility  
  29  2:39  Probe  
  29  2:42  Probe  
  30  2:47  Probe  
  30  2:50  Probe  
  31  2:56  Stalker, Probe  
  35  2:59  Probe  
  37  3:06  Gateway  
  37  3:07  Probe  
  37  3:11  Probe  
  39  3:13  Pylon  
  39  3:19  Observer, Probe  
  40  3:22  Robotics Bay  
  40  3:23  Probe  
  42  3:31  Probe  
  42  3:33  Warp Prism  
  43  3:35  Probe  
  43  3:36  Pylon  
  44  3:43  Probe  
  44  3:47  Probe  
  47  3:55  Colossus, Probe  
  46  3:56  Assimilator  
  46  3:58  Assimilator  
  46  3:59  Probe  
  48  4:05  Observer  
  48  4:08  Probe  
  55  4:11  Probe  
  56  4:18  Gravitic Drive  
  56  4:20  Probe  
  56  4:23  Probe  
  58  4:30  Pylon  
  58  4:32  Probe  
  58  4:35  Colossus, Probe  
  58  4:38  Nexus  
  59  4:45  Probe  
  66  4:54  Pylon  
  66  4:58  Twilight Council  
  66  5:03  Forge  
  66  5:04  Sentry  
  68  5:09  Probe  
  68  5:12  Probe  
  70  5:17  Shield Battery  
  70  5:21  Probe  
  70  5:24  Probe  
  70  5:28  Colossus  
  78  5:45  Warp Prism  
  78  5:47  Gateway  
  78  5:48  Gateway  
  80  5:50  Probe  
  80  5:55  Probe  
  80  5:56  Gateway x2, Protoss Ground Weapons Level 1, Probe  
  81  6:02  Sentry, Probe  
  84  6:06  Probe  
  84  6:07  Probe  
  86  6:14  Probe x2  
  86  6:15  Probe  
  86  6:18  Blink, Pylon  
  87  6:21  Shield Battery  
  87  6:22  Probe  
  87  6:23  Probe  
  89  6:26  Pylon, Probe  
  89  6:27  Pylon  
  89  6:30  Immortal  
  92  6:33  Probe  
  92  6:34  Assimilator  
  92  6:35  Assimilator  
  92  6:36  Probe  
  92  6:38  Probe  
  99  6:45  Probe  
  100  6:48  Probe  
  100  6:50  Probe  
  100  6:54  Robotics Facility  
  102  6:56  Pylon  
  102  6:58  Pylon  
  102  7:00  Templar Archives  
  102  7:02  Pylon  
  102  7:05  Disruptor  
  102  7:12  Stalker x6  
  117  7:19  Probe  
  118  7:29  Probe  
  117  7:34  Pylon  
  117  7:45  Disruptor  
  117  7:47  Disruptor  
  123  7:56  Pylon  
  123  8:02  Nexus  
  123  8:06  Stalker x3  
  123  8:07  Stalker x2  
  128  8:21  Disruptor, Zealot  
  95  8:34  Zealot  
  95  8:35  Probe, Zealot x4  
  95  8:37  Probe  
  94  8:41  Probe  
  82  8:49  Stalker  
  82  8:52  Probe  
  73  8:56  Probe x2  
  73  8:58  Stalker x5  
  82  9:04  Probe  
  82  9:08  Probe x2  
  79  9:16  Zealot  
  79  9:17  Probe  
  70  9:20  Probe  
  70  9:21  Probe  
  70  9:23  Stalker  
  70  9:24  Stalker x3  
  80  9:29  Probe  
  81  9:36  Zealot  
  65  9:46  Stalker  
  65  9:52  Stalker x3  
  66  9:53  Stalker  
Tags
 
Add a new tag
Caveats
  • Supply blocks, unpowered buildings, or Contaminate may cause inaccurate times.
  • Supply counts are checked every 10 seconds.